 Dungeon Crawl Stone Soup version 0.27-a0-1325-g58a489ad9e (webtiles) character file.

Game seed: 16862671248875064422

70 bits the Grave Robber (level 4, -1/36 HPs)
             Began as a Deep Dwarf Necromancer on June 24, 2021.
             Slain by a hound (2 damage)
             ... on level 6 of the Dungeon.
             The game lasted 00:11:39 (2012 turns).

bits the Grave Robber (Deep Dwarf Necromancer)      Turns: 2012, Time: 00:11:39

Health: -1/36      AC: -6    Str: 12    XL:     4   Next: 3%
Magic:  2/7        EV: 12    Int: 16    God:
Gold:   130        SH:  0    Dex: 13    Spells: 4/8 levels left

rFire    . . .     SeeInvis .   d - +0 short sword
rCold    . . .     Faith    .   (no shield)
rNeg     . . .     Spirit   .   a - +0 robe
rPois    .         Reflect  .   (no helmet)
rElec    .         Harm     .   (no cloak)
rCorr    .         Rampage  .   (no gloves)
Will     .....                  (no boots)
Stlth    ++........             (no amulet)
HPRegen  0.00/turn              (no ring)
MPRegen  0.10/turn              (no ring)

@: corroded
A: damage resistance, heal wounds, sense surroundings 1, no regeneration
a: Heal Wounds


You were on level 6 of the Dungeon.
You visited 1 branch of the dungeon, and saw 4 of its levels.

You collected 130 gold pieces.

Inventory:

Hand Weapons
 d - a +0 short sword (weapon)
Missiles
 g - 18 arrows
Armour
 a - a +0 robe (worn)
Jewellery
 c - a ring of fire
 i - a ring of see invisible
Scrolls
 h - 3 scrolls of fear
Potions
 b - a potion of ambrosia {unknown}
 e - a potion of experience {unknown}
 j - a potion of might
 k - 2 potions of lignification {unknown}


   Skills:
 + Level 2.3 Dodging
 + Level 2.8 Stealth
 + Level 2.5 Spellcasting
 + Level 5.4 Necromancy


You had 4 spell levels left.
You knew the following spells:

 Your Spells              Type           Power      Damage    Failure   Level
a - Pain                  Necr           76%        1d7       2%          1
b - Vampiric Draining     Necr           9%         2d7       6%          3

Your spell library contained the following spells:

 Spells                   Type           Power      Damage    Failure   Level
 Animate Skeleton         Necr           38%        N/A       2%          1
 Animate Dead             Necr           9%         N/A       22%         4
 Agony                    Necr           19%        N/A       52%         5


Dungeon Overview and Level Annotations

Branches:
Dungeon (3/15)

Altars:


Innate Abilities, Weirdness & Mutations

You are resistant to damage.
You can heal yourself by infusing magical energy.
You passively map a small area around you.
You do not regenerate.


Message History

The jelly is severely wounded.
A jelly comes into view.
The hound bites you. The jelly hits you. The acid corrodes you!
You are splashed with acid!
Okay, then.
Aiming: Vampiric Draining (quite dangerous; 8% risk of failure)
Press: ? - help, Q - select action, (/) - cycle Shift-Dir - straight line, f/p - jelly
Aim: a jelly (severely wounded)
You draw life force from the jelly!
You kill the jelly!
You feel life coursing into your body.
The jelly quivers.
The hound closely misses you.
A wraith comes into view.
The hound closely misses you.
You have reached level 4!
You feel stronger.
Found 13 gold pieces.
The hound misses you.
Found 11 gold pieces.
The hound barely misses you. The hound completely misses you.
A sky beast comes into view.
The hound barely misses you.
Found a chain mail and 14 gold pieces.
Found a stone staircase leading up.
The hound bites you. The hound bites you. The hound bites you.
The sky beast hits you. The sky beast shocks you.
* * * LOW HITPOINT WARNING * * *
The hound bites you. The hound barely misses you.
You are too injured to fight recklessly!
You barely miss the hound. The hound bites you.
* * * LOW HITPOINT WARNING * * *
The hound misses you. The sky beast hits you. The sky beast shocks you.
* * * LOW HITPOINT WARNING * * *
You hit the hound but do no damage. The hound closely misses you.
The sky beast closely misses you. The hound bites you.
You die...

, * # ,
########.#
#......#.# ,
, #........#
, #@.....####
,,
#Yh........ *
,
#.J....#####
*
#...W......#,
*
#..........#
#[....<.#..#
*
####$####..#
#....#..#
####.#J.#,# *


You could see a wraith, a sky beast, a hound and a jelly.

Vanquished Creatures
  A jelly (D:6)
  3 dart slugs (D:1)
  4 bats
  3 endoplasms
  A giant cockroach (D:2)
  3 goblins (D:1)
  5 hobgoblins
  A quokka (D:1)
  4 ball pythons (D:1)
  2 frilled lizards (D:2)
  2 kobolds
  A rat (D:1)
30 creatures vanquished.

Notes
Turn   | Place    | Note
-------+----------+-------------------------------------------
     0 | D:1      | bits the Deep Dwarf Necromancer began the quest for the
                  | Orb.
     0 | D:1      | Reached XP level 1. HP: 15/15 MP: 3/3
    76 | D:1      | You fall into a shaft and drop 1 floor!
   372 | D:2      | Reached XP level 2. HP: 4/22 MP: 2/4
  1286 | D:1      | Reached skill level 5 in Necromancy
  1337 | D:1      | Reached XP level 3. HP: 3/28 MP: 2/6
  1341 | D:1      | Learned a level 3 spell: Vampiric Draining
  1416 | D:1      | Found a faded altar of an unknown god.
  1987 | D:3      | You fall into a shaft and drop 3 floors!
  1993 | D:6      | Noticed a wraith
  1994 | D:6      | Reached XP level 4. HP: 15/36 MP: 0/7
  2001 | D:6      | Noticed a sky beast
  2011 | D:6      | HP: 1/36 [sky beast (4)]
  2012 | D:6      | Slain by a hound

Illustrated notes

Levels and vault maps discovered:
D:1:      heliophobic_arrival_henge, layout_rooms,
          ebering_ecumenical_altar_sacrificial, minmay_misc_feat_hallway,
          minmay_tiny_reverse_x
D:2:      layout_basic, kennysheep_generic_room_2
D:3:      layout_basic, nicolae_overflow_hidden_temple
D:6:      layout_basic, biasface_ghost_orc_armoury, minmay_misc_feat_plants,
          uniq_sigmund

Skill      XL: |  1  2 |
---------------+-------+-----
Spellcasting   | 2 |  2.5
Necromancy     | 5 |  5.4
Dodging        | |  2.3
Stealth        | |  2.8

Action                   |  1- 3 |  4- 6 || total
-------------------------+-------+-------++-------
Melee: Unarmed           |    13 |       ||    13
       Club              |     5 |       ||     5
       Hand axe          |     1 |       ||     1
       Short sword       |     1 |     2 ||     3
 Cast: Pain              |    46 |       ||    46
       Vampiric Draining |     9 |       ||     9
  Use: Scroll            |     4 |       ||     4
Armor: Robe              |     9 |       ||     9
Dodge: Dodged            |    29 |     8 ||    37

Table legend: (Time is in decaauts)
 A = Elapsed time spent in this place.
 B = Non-inter-level travel time spent in this place.
 C = Inter-level travel time spent in this place.
 D = Time resting spent in this place.
 E = Time spent auto-exploring this place.
 F = Levels seen in this place.
 G = Mean time per level.
                   A        B        C        D        E       F      G
               +--------+--------+--------+--------+--------+-----+--------+
         Total |   2011 |   1923 |     88 |    337 |    667 |   4 |  502.8 |
       Dungeon |   2011 |   1923 |     88 |    337 |    667 |   4 |  502.8 |
               +--------+--------+--------+--------+--------+-----+--------+

Top non-repeatable levels by time:
     D:1: 1250 daAuts
     D:2: 717 daAuts
     D:6: 25 daAuts
     D:3: 18 daAuts
